 Dungeon Crawl Stone Soup version 0.25-a0-544-gee0576305d (webtiles) character file.

Game seed: 6349019808148265764, levelgen mode: deterministic

345 Grimalkyne the Slasher (level 6, 0/46 HPs)
             Began as a Demonspawn Gladiator on Feb 19, 2020.
             Slain by an ogre
             ... wielding a +0 giant club
              (12 damage)
             ... on level 4 of the Dungeon on Feb 20, 2020.
             The game lasted 00:12:22 (4972 turns).

Grimalkyne the Slasher (Demonspawn Gladiator)       Turns: 4972, Time: 00:12:22

Health: 0/46       AC: 10    Str: 16    XL:     6   Next: 32%
Magic:  6/6        EV: 10    Int:  9    God:
Gold:   155        SH:  0    Dex: 15    Spells: 5/5 levels left

rFire    . . .     SeeInvis .   a - +0 long sword
rCold    . . .     Gourm    .   (no shield)
rNeg     . . .     Faith    .   n - +0 scale mail
rPois    .         Spirit   .   c - +0 helmet
rElec    .         Reflect  .   (no cloak)
rCorr    .         Harm     .   (no gloves)
MR       .....                  (no boots)
Stlth    ..........             (no amulet)
HPRegen  0.15/turn              (no ring)
MPRegen  0.10/turn              (no ring)

@: no status effects
A: icy blue scales 2
a: no special abilities


You were on level 4 of the Dungeon.
You were very hungry.

You visited 1 branch of the dungeon, and saw 4 of its levels.

You collected 155 gold pieces.

Inventory:

Hand Weapons
 a - a +0 long sword (weapon)
Missiles
 d - a throwing net
 j - 103 stones (quivered)
 q - 11 poisoned darts
Armour
 b - a +0 leather armour
 c - a +0 helmet (worn)
 n - a +0 scale mail (worn)
Jewellery
 w - an uncursed amulet of harm
Wands
 u - a wand of paralysis (7)
Scrolls
 e - a scroll of blinking {unknown}
 h - 2 scrolls of amnesia {unknown}
 i - 3 scrolls of identify {unknown}
 k - a scroll of noise {unknown}
 p - a scroll of enchant weapon {unknown}
 x - a scroll of magic mapping {unknown}
Potions
 g - a potion of mutation {unknown}
 l - 3 potions of curing {unknown}
 m - a potion of ambrosia {unknown}
 o - 2 potions of might {unknown}
 r - 2 potions of heal wounds {unknown}
 s - a potion of degeneration {unknown}
 t - a potion of lignification {unknown}
 v - a potion of brilliance {unknown}
Comestibles
 f - 6 rations


   Skills:
 + Level 2.6 Fighting
 - Level 6.1 Long Blades
 - Level 1.7 Throwing
 + Level 1.3 Armour
 - Level 2.6 Dodging


You had 5 spell levels left.
You didn't know any spells.
Your spell library was empty.

Dungeon Overview and Level Annotations

Branches:
Dungeon (4/15)
 Temple: D:4-7

Altars:
Gozag
Wu Jian
The Shining One

Shops:
D:4 %


Innate Abilities, Weirdness & Mutations

You are mostly covered in icy blue scales. (AC +3)


Message History

You climb downwards.
There is a stone staircase leading up here.
Throwing (i - inventory. (/) - cycle)
j - 104 stones (quivered)
Press: ? - help, Shift-Dir - straight line, f - ogre
Aim: an ogre, wielding a +0 giant club You throw a stone.
The stone hits the ogre but does no damage.
You slash the ogre!
The ogre is moderately wounded.
The ogre hits you with a +0 giant club!
You hit the ogre.
The ogre is moderately wounded.
The ogre hits you with a +0 giant club!
You hit the ogre.
The ogre is heavily wounded.
The ogre hits you with a +0 giant club!
* * * LOW HITPOINT WARNING * * *
There is a stone staircase leading up here.
The ogre hits you with a +0 giant club!
You die...

#...............# #.........
##...............####.........
####................##...........
....................#..#.........
..###...............#.##.........
...##...............#.###########
..∩##..............(..#
......#.....#....O#.###
.#..#######.....@.#(# ..#..#
#.#######.# #..#.# #.#
####.###... ...#.# #.#
#........... #......# #.#
#.##.###.... ##...#......# # #.#
.. ##..####. #.# ..# ... ...# ..%


You could see an ogre.

Vanquished Creatures
  2 scorpions
  A worker ant (D:4)
  5 adders
  4 gnolls (D:4)
  2 oozes
  2 adder skeletons (D:4)
  4 worms
  2 dart slugs
  2 leopard geckos
  11 orcs
  6 bats
  6 giant cockroaches
  16 goblins
  10 hobgoblins
  5 jackals
  10 kobolds
  3 quokkas
  4 frilled lizards
  A quokka skeleton (D:4)
  3 rats
99 creatures vanquished.

Notes
Turn   | Place    | Note
-------+----------+-------------------------------------------
     0 | D:1      | Grimalkyne the Demonspawn Gladiator began the quest for the
                  | Orb.
     0 | D:1      | Reached XP level 1. HP: 16/16 MP: 1/1
    83 | D:1      | Reached skill level 3 in Long Blades
   198 | D:1      | Gained mutation: You are partially covered in icy blue
                  | scales. (AC +2) [demonic ancestry]
   198 | D:1      | Reached XP level 2. HP: 19/22 MP: 2/2
  1168 | D:1      | Gained mutation: You are mostly covered in icy blue scales.
                  | (AC +3) [demonic ancestry]
  1168 | D:1      | Reached XP level 3. HP: 24/27 MP: 3/3
  1282 | D:2      | Reached skill level 4 in Long Blades
  2127 | D:2      | Reached XP level 4. HP: 33/33 MP: 4/4
  2150 | D:2      | Upgraded the game from 0.25-a0-528-g6b7c99946c to
                  | 0.25-a0-544-gee0576305d
  2490 | D:3      | Found an ornate altar of the Wu Jian Council.
  2696 | D:3      | Reached skill level 5 in Long Blades
  3075 | D:3      | Found an opulent altar of Gozag.
  3079 | D:3      | Found a glowing golden altar of the Shining One.
  3193 | D:3      | Reached XP level 5. HP: 37/38 MP: 5/5
  3781 | D:4      | Noticed an ogre
  3811 | D:4      | Found Onuiwk's Food Emporium.
  4156 | D:4      | Reached skill level 6 in Long Blades
  4300 | D:4      | Reached XP level 6. HP: 44/44 MP: 6/6
  4797 | D:3      | Reached skill level 1 in Armour
  4972 | D:4      | Slain by an ogre

Levels and vault maps discovered:
D:1:      evilmike_arrival_home_sweet_home, layout_basic
D:2:      layout_rooms, patterned_corridor
D:3:      layout_loops_ring, nicolae_overflow_hidden_temple, minitemple,
          first_ration, serial_bayou_pond_d
D:4:      layout_rooms, serial_shops, shop, uniq_crazy_yiuf_cottage

Skill      XL: |  1  2  3  4  5  6 |
---------------+-------------------+-----
Long Blades    | 3 4 5 6 |  6.1
Armour         | 1 |  1.3
Fighting       | |  2.6
Throwing       | |  1.7
Dodging        | |  2.6

Action                   |  1- 3 |  4- 6 || total
-------------------------+-------+-------++-------
Melee: Long sword        |   147 |   215 ||   362
Throw: Throwing net      |     2 |       ||     2
       Stone             |     3 |     9 ||    12
  Eat: Chunk             |     4 |     8 ||    12
Armor: Leather armour    |    10 |       ||    10
       Scale mail        |    52 |   105 ||   157
Dodge: Dodged            |   106 |   124 ||   230
       Rpst.: Long sword |    39 |    36 ||    75

Table legend:
 A = Non-vault XP
 B = Vault XP
 C = Vault XP percentage of total XP
 D = Non-vault monster count
 E = Vault monster count
 F = Vault count percentage of total count
                 A         B        C        D         E       F
            +---------+---------+-------+---------+---------+-------
      Total |     493 |       0 |   0.0 |      99 |       0 |   0.0
            +---------+---------+-------+---------+---------+-------
        D:1 |      46 |       0 |   0.0 |      23 |       0 |   0.0
        D:2 |      70 |       0 |   0.0 |      24 |       0 |   0.0
        D:3 |     172 |       0 |   0.0 |      36 |       0 |   0.0
        D:4 |     205 |       0 |   0.0 |      16 |       0 |   0.0
            +---------+---------+-------+---------+---------+-------
